 Dungeon Crawl Stone Soup version 0.26.0-91-g99b343417d (webtiles) character file.

Game seed: 4755696924985087598

207 Gadfly the Shield-Bearer (level 6, -2/48 HPs)
             Began as a Formicid Fighter on Feb 3, 2021.
             Slain by an orc warrior
             ... wielding a +0 trident
              (13 damage)
             ... on level 3 of the Dungeon.
             The game lasted 00:04:06 (1604 turns).

Gadfly the Shield-Bearer (Formicid Fighter)         Turns: 1604, Time: 00:04:06

Health: -2/48      AC:  9    Str: 22    XL:     6   Next: 11%
Magic:  7/7        EV:  6    Int:  8    God:
Gold:   0          SH:  9    Dex: 10    Spells: 5/5 levels left

rFire    . . .     SeeInvis +   a - +0 war axe
rCold    . . .     Faith    .   c - +0 kite shield
rNeg     . . .     Spirit   .   m - +0 chain mail
rPois    .         Reflect  .   (helmet unavailable)
rElec    .         Harm     .   (no cloak)
rCorr    .         Rampage  .   (no gloves)
Will     +....                  (no boots)
Stlth    ..........             g - amulet of regeneration
HPRegen  0.56/turn              j - ring of willpower
MPRegen  0.10/turn              (no ring)

@: very slow
A: permanent stasis, dig shafts and tunnels, four strong arms, antennae 3
a: Dig, Shaft Self


You were on level 3 of the Dungeon.
You visited 1 branch of the dungeon, and saw 3 of its levels.

Inventory:

Hand Weapons
 a - a +0 war axe (weapon)
Missiles
 l - 23 bolts
Armour
 c - a +0 kite shield (worn)
 m - a +0 chain mail (worn)
Jewellery
 g - an amulet of regeneration (around neck)
 j - a ring of willpower (left hand)
Wands
 h - a wand of flame (3) (quivered)
Scrolls
 b - a scroll of identify
 k - 2 scrolls of remove curse
Potions
 d - 3 potions of might
 e - 2 potions of curing
 i - a potion of mutation


   Skills:
 + Level 3.6 Fighting
 * Level 3.0 Axes
 * Level 2.0 Crossbows
 + Level 3.6 Armour
 + Level 4.1 Shields
 * Level 2.5 Invocations
 * Level 2.5 Evocations


You had 5 spell levels left.
You didn't know any spells.
Your spell library was empty.

Dungeon Overview and Level Annotations

Branches:
Dungeon (3/15)

Altars:
Vehumet

Portals:
Sewer: D:3


Innate Abilities, Weirdness & Mutations

You cannot be hasted, slowed, berserked, paralysed or teleported.
You can dig through walls and to a lower floor.
Your four strong arms can wield two-handed weapons with a shield.
You have a pair of large antennae on your head. (SInv)


Message History

You are too injured to fight recklessly!
You are too injured to fight recklessly!
You closely miss the orc.
The orc is heavily wounded.
You block the orc's attack.
The orc warrior hits you from afar with a +0 trident!
* * * LOW HITPOINT WARNING * * *
You block the orc's attack.
You hit the orc.
The orc is severely wounded.
The orc warrior hits you from afar with a +0 trident.
* * * LOW HITPOINT WARNING * * *
You block the orc's attack.
Unknown command.
An adder comes into view.
You enter the shallow water.
Moving in this stuff is going to be slow.
The adder closely misses you. You block the adder's attack.
The orc warrior hits you with a +0 trident!
You die...

##### ##### #...#
#.o.# #.#.# #@#.#
#.#.# #S#{# #.#.#
#≈#o#######.#.####
#≈#.{{.o.{).......
#≈#######o###.####
#≈# .......# #≈#
#.#o##### #∩#
#.#.# . #o#


You could see an orc warrior and an adder.

Vanquished Creatures
  2 orc wizards (D:2)
  Jessica (D:2)
  A worker ant (D:2)
  3 adders
  3 oozes
  2 dart slugs
  3 leopard geckos
  3 orcs (D:2)
  2 giant cockroaches
  6 hobgoblins
  7 bats
  5 frilled lizards
  7 goblins
  6 kobolds
  5 rats
56 creatures vanquished.

Notes
Turn   | Place    | Note
-------+----------+-------------------------------------------
     0 | D:1      | Gadfly the Formicid Fighter began the quest for the Orb.
     0 | D:1      | Reached XP level 1. HP: 18/18 MP: 1/1
    48 | D:1      | Reached XP level 2. HP: 18/24 MP: 2/2
   239 | D:1      | Reached skill level 1 in Evocations
   374 | D:1      | Reached skill level 1 in Invocations
   389 | D:1      | Reached XP level 3. HP: 29/29 MP: 3/3
   756 | D:2      | Reached skill level 1 in Crossbows
   806 | D:2      | Noticed Jessica
   812 | D:2      | Killed Jessica
   813 | D:2      | Reached XP level 4. HP: 35/35 MP: 3/5
   907 | D:2      | Reached skill level 4 in Shields
   948 | D:2      | Reached XP level 5. HP: 41/41 MP: 6/6
   993 | D:2      | Found a radiant altar of Vehumet.
  1493 | D:3      | Reached XP level 6. HP: 48/48 MP: 7/7
  1582 | D:3      | Noticed an orc warrior
  1604 | D:3      | Found a glowing drain.
  1604 | D:3      | Slain by an orc warrior

Illustrated notes

Levels and vault maps discovered:
D:1:      dpeg_arrival_rooms_c, layout_rooms, minmay_surrounded
D:2:      layout_basic, lemuel_crystal_altar, uniq_jessica
D:3:      layout_basic, gammafunk_temple_overflow_statue,
          gammafunk_temple_overflow_pools, portal_sewer_entry_d,
          hellmonk_ghost_happy_afterlife, kennysheep_pointless_box

Skill      XL: |  1  2  3  4  5  6 |
---------------+-------------------+-----
Evocations     | 1 2 |  2.5
Invocations    | 1 2 |  2.5
Crossbows      | 1 2 |  2.0
Shields        | 4 |  4.1
Axes           | 3 |  3.0
Fighting       | |  3.6
Armour         | |  3.6

Action                   |  1- 3 |  4- 6 || total
-------------------------+-------+-------++-------
Melee: War axe           |    65 |    96 ||   161
 Abil: Dig               |     1 |       ||     1
Evoke: Wand              |       |     1 ||     1
  Use: Scroll            |     4 |     4 ||     8
       Potion            |     2 |     2 ||     4
Armor: Scale mail        |    14 |       ||    14
       Chain mail        |    11 |    59 ||    70
Dodge: Dodged            |    12 |    34 ||    46
Block: Kite shield       |    37 |    59 ||    96
